Map: Pillars of Gold LE

Players

Geralt (Gerald)

  • Race: Protoss Protoss
  • League: Grandmaster
  • Spawn Location: 7:00

Reynor - Winner!

  • Race: Zerg Zerg
  • League: Master
  • Spawn Location: 1:00

Event: DreamHack SC2 Masters 2020 Winter

VOD

Have the link to the VOD?

Description

Time

  • Played on: Oct. 24, 2020, 1:07 p.m.
  • Length: 13:58

All games in this series

Show
View Real Time Build Order
Export as new Build Order

Geralt Protoss 

Build Orders: Oracle Opening 

Get SALT Encoding   

  12  0:00  Probe  
  13  0:12  Probe  
  14  0:19  Pylon  
  14  0:24  Probe  
  15  0:29  Assimilator  
  15  0:37  Probe (Chrono Boost)  
  16  0:47  Probe (Chrono Boost)  
  16  0:49  Gateway  
  17  0:52  Probe (Chrono Boost)  
  18  1:04  Probe  
  19  1:16  Probe  
  20  1:25  Gateway  
  20  1:29  Probe  
  20  1:34  Pylon  
  20  1:35  Zealot (Chrono Boost)  
  20  1:36  Cybernetics Core  
  22  1:42  Assimilator  
  22  1:45  Probe  
  23  1:54  Zealot (Chrono Boost)  
  23  1:57  Probe  
  28  2:17  Adept x2 (Chrono Boost)  
  30  2:36  Nexus  
  30  2:39  Probe  
  31  2:50  Stargate  
  31  2:55  Pylon  
  31  2:59  Warp Gate  
  31  3:13  Probe  
  31  3:17  Stalker  
  34  3:25  Probe  
  35  3:33  Oracle (Chrono Boost)  
  35  3:37  Probe  
  39  3:46  Pylon  
  39  3:49  Probe  
  39  3:54  Probe  
  41  4:00  Oracle (Chrono Boost)  
  41  4:01  Probe  
  42  4:06  Probe  
  42  4:08  Twilight Council  
  46  4:13  Probe  
  47  4:18  Probe  
  47  4:19  Pylon  
  48  4:26  Probe  
  49  4:35  Oracle  
  52  4:42  Resonating Glaives (Chrono Boost)  
  50  4:46  Probe x2  
  50  4:51  Gateway x2  
  52  4:58  Probe x2  
  54  5:00  Adept x2  
  58  5:10  Probe x2  
  60  5:15  Pylon  
  60  5:25  Probe  
  60  5:26  Probe  
  62  5:30  Gateway  
  62  5:32  Nexus  
  62  5:39  Adept x2  
  66  5:44  Assimilator  
  66  5:47  Probe x2  
  67  5:59  Probe  
  67  6:00  Probe  
  67  6:01  Adept x4  
  77  6:08  Pylon  
  77  6:10  Pylon  
  77  6:19  Probe  
  78  6:25  Robotics Facility  
  78  6:26  Robotics Facility  
  78  6:30  Adept x2  
  78  6:31  Adept x2  
  86  6:32  Sentry  
  86  6:37  Probe x2  
  90  6:43  Shield Battery  
  90  6:49  Probe  
  87  6:55  Adept  
  87  6:56  Adept x2  
  87  6:57  Adept x2  
  91  7:06  Pylon  
  83  7:10  Pylon, Immortal (Chrono Boost)  
  83  7:15  Immortal (Chrono Boost)  
  69  7:20  Sentry  
  75  7:29  Adept x3  
  81  7:33  Adept  
  78  7:44  Immortal (Chrono Boost)  
  78  7:50  Adept x2  
  68  7:59  Adept x3  
  74  8:07  Probe  
  74  8:08  Shield Battery  
  74  8:09  Probe  
  74  8:12  Adept x2  
  78  8:19  Probe  
  79  8:21  Probe  
  79  8:24  Adept x2  
  69  8:29  Zealot  
  69  8:31  Probe  
  69  8:33  Probe  
  66  8:39  Zealot  
  65  8:41  Immortal (Chrono Boost)  
  65  8:43  Probe  
  65  8:45  Probe  
  75  8:55  Adept  
  75  8:56  Immortal (Chrono Boost)  
  75  8:57  Probe (Chrono Boost)  
  75  8:58  Probe (Chrono Boost)  
  79  9:03  Charge  
  79  9:08  Probe (Chrono Boost)  
  82  9:10  Probe (Chrono Boost)  
  82  9:15  Probe (Chrono Boost)  
  83  9:17  Gateway  
  83  9:18  Gateway, Probe x2 (Chrono Boost)  
  83  9:21  Pylon  
  83  9:22  Probe (Chrono Boost)  
  83  9:23  Probe (Chrono Boost)  
  83  9:24  Probe  
  87  9:33  Zealot x3  
  93  9:39  Observer, Probe x2  
  93  9:40  Probe  
  93  9:45  Adept x2  
  101  9:51  Probe  
  101  9:52  Probe x2  
  102  9:56  Zealot  
  102  9:57  Zealot  
  105  10:00  Phoenix (Chrono Boost)  
  105  10:04  Probe x2  
  109  10:11  Warp Prism  
  109  10:12  Assimilator x2  
  107  10:30  Zealot  
  107  10:31  Zealot x6  
  119  10:40  Assimilator  
  117  10:43  Stargate  
  117  10:46  Phoenix, Templar Archives  
  119  10:56  Probe  
  120  10:59  Probe x2  
  122  11:08  Probe  
  122  11:10  Phoenix, Nexus  
  125  11:18  Gateway  
  124  11:20  Forge  
  124  11:23  Pylon  
  124  11:24  Pylon, Nexus  
  124  11:26  Pylon  
  124  11:28  Probe  
  124  11:31  Pylon  
  125  11:41  Phoenix, Probe x2  
  125  11:43  High Templar x5  
  135  11:49  Probe  
  135  11:53  Psionic Storm, Probe x2  
  138  12:01  Phoenix  
  140  12:06  Phoenix, Probe  
  143  12:17  Probe  
  143  12:18  Photon Cannon  
  144  12:23  Shield Battery, Probe x2  
  144  12:26  Phoenix  
  144  12:28  Photon Cannon  
  144  12:29  Probe  
  149  12:31  Gateway  
  149  12:32  Gateway  
  140  12:41  Probe  
  141  12:48  High Templar x2, Probe  
  141  12:50  Assimilator  
  144  12:51  Assimilator, Zealot x3  
  144  12:52  Zealot x2  
  123  13:11  Immortal (Chrono Boost)  
  123  13:12  Zealot x2  
  111  13:13  Zealot  
  111  13:15  Probe  
  111  13:18  Probe  
  98  13:28  Zealot  
  98  13:29  Zealot  
  98  13:31  Probe  
  98  13:33  Probe x2  
  77  13:41  Zealot x3  
  77  13:45  Probe  
Show
View Real Time Build Order
Export as new Build Order

Reynor Zerg - Winner!

Build Orders: Pool First 

Get SALT Encoding   

  12  0:18  Spawning Pool  
  11  0:22  Drone  
  11  0:27  Drone  
  13  0:32  Drone  
  14  0:40  Overlord  
  14  1:06  Zergling x6  
  17  1:18  Hatchery  
  17  1:22  Zergling x2  
  17  1:28  Zergling x2  
  18  1:38  Drone  
  19  1:42  Queen  
  21  1:50  Overlord  
  21  2:00  Drone  
  22  2:12  Drone  
  23  2:22  Drone, Queen  
  25  2:32  Drone x2  
  25  2:35  Extractor  
  26  2:41  Drone  
  26  2:43  Drone  
  27  2:45  Queen  
  29  2:52  Zergling x2  
  29  2:53  Drone x3  
  33  3:00  Overlord  
  33  3:03  Drone  
  34  3:06  Drone  
  35  3:19  Drone x2  
  37  3:26  Drone  
  38  3:28  Drone  
  38  3:29  Drone x3  
  42  3:34  Overlord  
  42  3:37  Metabolic Boost  
  42  3:40  Drone  
  43  3:48  Drone, Spore Crawler  
  43  3:58  Overlord  
  43  3:59  Drone  
  43  4:01  Queen  
  45  4:10  Hatchery  
  45  4:12  Overlord  
  44  4:18  Drone x4  
  44  4:20  Drone  
  44  4:21  Drone  
  50  4:28  Zergling x2  
  50  4:30  Spore Crawler  
  50  4:33  Zergling x6  
  53  4:41  Hatchery, Overlord  
  53  4:44  Drone x3  
  54  4:48  Drone x3  
  54  4:50  Extractor x2  
  56  4:53  Roach Warren  
  56  4:56  Drone  
  56  4:57  Drone  
  56  4:58  Drone  
  57  5:06  Overlord  
  57  5:07  Zergling x4  
  57  5:09  Zergling x2  
  60  5:14  Queen  
  60  5:17  Overlord  
  61  5:22  Queen  
  62  5:34  Roach  
  62  5:35  Roach x5  
  74  5:38  Overlord  
  74  5:45  Drone  
  74  5:47  Overlord  
  75  5:55  Overlord  
  75  5:56  Roach x3  
  81  5:59  Zergling x6  
  83  6:05  Queen  
  83  6:06  Queen  
  87  6:11  Overlord  
  87  6:14  Zergling x2  
  87  6:15  Zergling x4  
  89  6:22  Zergling x4  
  89  6:24  Ravager x2  
  89  6:25  Ravager  
  94  6:27  Zergling x4  
  94  6:30  Zergling x2  
  98  6:32  Zergling x2  
  98  6:33  Zergling x4  
  98  6:34  Spore Crawler  
  98  6:37  Ravager x2  
  98  6:39  Zergling x4  
  104  6:40  Zergling x8  
  104  6:43  Zergling x2  
  104  6:44  Zergling x2  
  108  6:53  Queen  
  104  6:56  Zergling x6  
  104  6:57  Zergling x2  
  104  7:00  Zergling x4  
  102  7:02  Zergling x2  
  92  7:10  Zergling x2  
  92  7:14  Zergling x14  
  94  7:18  Ravager  
  94  7:20  Ravager x2  
  94  7:21  Queen, Zergling x2  
  100  7:23  Zergling x2  
  100  7:24  Zergling x2  
  100  7:25  Queen  
  100  7:29  Zergling x2  
  95  7:33  Zergling x4  
  91  7:38  Zergling x2  
  91  7:41  Queen  
  86  7:46  Zergling x10  
  86  7:48  Zergling x2  
  81  7:55  Roach  
  81  7:57  Queen  
  79  8:00  Roach x2  
  79  8:01  Queen  
  84  8:05  Roach  
  84  8:10  Drone x2  
  86  8:18  Roach x2  
  89  8:22  Drone  
  86  8:27  Drone  
  86  8:29  Drone x2  
  86  8:30  Drone x3  
  86  8:32  Zergling x4  
  86  8:33  Zergling x2  
  90  8:37  Lair  
  90  8:39  Drone x2  
  87  8:42  Evolution Chamber  
  87  8:45  Drone, Ravager x2  
  87  8:46  Ravager x2  
  87  8:48  Extractor  
  87  8:49  Extractor  
  87  8:50  Extractor  
  87  8:54  Drone x2  
  87  8:57  Zergling x2  
  87  9:00  Drone  
  89  9:03  Drone  
  89  9:04  Drone  
  89  9:05  Drone x4  
  89  9:06  Hatchery  
  89  9:08  Drone x3  
  98  9:10  Drone  
  98  9:12  Extractor  
  98  9:13  Zerg Melee Weapons Level 1  
  98  9:14  Drone  
  98  9:16  Drone  
  99  9:19  Drone  
  99  9:23  Drone x2  
  102  9:30  Drone  
  103  9:33  Drone  
  103  9:37  Spire  
  103  9:38  Zergling x8  
  103  9:39  Zergling x2  
  103  9:41  Drone  
  103  9:43  Drone x2, Baneling Nest  
  103  9:44  Drone  
  111  9:46  Overlord  
  111  9:47  Drone  
  111  9:49  Drone  
  111  9:50  Drone  
  113  10:03  Roach  
  113  10:04  Overlord x2  
  113  10:05  Glial Reconstitution  
  113  10:06  Drone  
  113  10:07  Drone x2  
  115  10:08  Zergling x6  
  115  10:11  Zergling x4  
  115  10:12  Zergling x2  
  115  10:13  Overseer  
  121  10:16  Zergling x4  
  120  10:22  Drone x2  
  120  10:25  Zergling x2  
  123  10:31  Zergling x6  
  123  10:32  Centrifical Hooks  
  127  10:35  Zergling x2, Roach  
  127  10:36  Zergling x2  
  127  10:37  Zergling x4  
  127  10:40  Roach, Zergling x6  
  127  10:41  Baneling x12  
  136  10:43  Ravager  
  136  10:44  Ravager x2  
  136  10:46  Overlord  
  136  10:48  Zergling x6  
  136  10:49  Baneling x2  
  142  10:50  Baneling x3  
  142  10:52  Zergling x4  
  142  10:54  Baneling x5  
  142  10:55  Baneling  
  144  10:57  Overlord  
  144  11:07  Mutalisk x3, Extractor  
  144  11:10  Zergling x6  
  152  11:17  Drone  
  152  11:18  Mutalisk x2  
  152  11:22  Hatchery  
  152  11:23  Mutalisk  
  156  11:26  Drone x3  
  156  11:27  Overlord  
  156  11:28  Extractor  
  158  11:33  Zerg Melee Weapons Level 2  
  158  11:38  Mutalisk  
  160  11:43  Overlord  
  158  11:47  Mutalisk x2  
  158  11:50  Zergling x10  
  158  11:51  Overlord  
  167  11:55  Zerg Flyer Weapons Level 1  
  167  11:56  Overlord  
  167  11:57  Overlord  
  167  12:03  Roach  
  167  12:04  Zergling x12  
  175  12:14  Zergling x20  
  185  12:20  Infestation Pit  
  184  12:27  Drone x7  
  184  12:28  Zergling x8  
  180  12:46  Zergling x2  
  180  12:47  Zergling x18  
  180  12:49  Roach, Zergling x2  
  180  12:50  Roach, Zergling x12  
  184  12:59  Zergling x4, Roach  
  184  13:04  Zergling x6  
  175  13:09  Zergling x2, Roach  
  172  13:13  Roach x2  
  172  13:15  Zergling x6  
  172  13:19  Zergling x10  
  177  13:26  Zergling x12  
  176  13:28  Zergling x4, Roach  
  176  13:31  Zergling x4  
  171  13:34  Roach  
  171  13:40  Zergling x8  
Tags
 
Add a new tag
Caveats
  • Supply blocks, unpowered buildings, or Contaminate may cause inaccurate times.
  • Supply counts are checked every 10 seconds.